 Dungeon Crawl Stone Soup version 0.21.1-1-g345015fe64 (webtiles) character file.

625 rowlf015 the Covered (level 7, -2/54 HPs)
             Began as a Demonspawn Abyssal Knight on Mar 16, 2018.
             Was a Believer of Lugonu.
             Slain by Unreal's ghost (3 damage)
             ... on level 4 of the Dungeon.
             The game lasted 00:21:14 (2838 turns).

rowlf015 the Covered (Demonspawn Abyssal Knight)    Turns: 2838, Time: 00:21:15

Health: -2/54      AC:  6    Str: 14    XL:     7   Next: 23%
Magic:  0/7        EV:  2    Int: 14    God:    Lugonu [**....]
Gold:   126        SH: 13    Dex: 12    Spells: 6/6 levels left

rFire    . . .     SeeInvis .   a - +1 mace
rCold    . . .     Gourm    .   h - +0 large shield
rNeg     . . .     Faith    .   o - +0 chain mail
rPois    .         Spirit   +   (no helmet)
rElec    .         Reflect  .   (no cloak)
rCorr    .         Harm     .   p - +0 pair of gloves {archery}
MR       .....                  (no boots)
Stlth    ..........             (no amulet)
HPRegen  0.18/turn              (no ring)
MPRegen  0.10/turn              (no ring)

@: no status effects
A: hooves 2, deformed body, low mp 1, mutation resistance 1, magic shield
a: Depart the Abyss, Bend Space, Renounce Religion


You were on level 4 of the Dungeon.
You worshipped Lugonu.
Lugonu was pleased with you.
You were near starving.

You visited 1 branch of the dungeon, and saw 4 of its levels.
You visited the Abyss 1 time.

You collected 126 gold pieces.

Inventory:

Hand Weapons
 a - a +1 mace (weapon)
Missiles
 r - 23 arrows
Armour
 h - a +0 large shield (worn)
 o - a +0 chain mail (worn)
 p - a +0 pair of gloves of archery (worn)
 q - a +0 pair of gloves
Wands
 j - a wand of acid (9)
 l - a wand of polymorph (15)
 u - a wand of enslavement (11)
Scrolls
 b - 3 scrolls of enchant weapon {unknown}
 d - a scroll of magic mapping {unknown}
 e - a scroll of fear {unknown}
 g - 2 scrolls of identify {unknown}
 i - 2 scrolls of teleportation {unknown}
 k - a scroll of blinking {unknown}
 t - a scroll of amnesia {unknown}
 v - a scroll of remove curse
Books
 s - a book of Minor Magic

   Spells                             Type                      Level
   a - Magic Dart                     Conjuration                  1
   b - Blink                          Translocation                2
   c - Call Imp                       Summoning                    2
   d - Slow                           Hexes                        2
   e - Conjure Flame                  Conjuration/Fire             3
   f - Mephitic Cloud                 Conjuration/Poison/Air       3
Comestibles
 c - 6 rations


   Skills:
 + Level 4.1 Fighting
 + Level 3.9 Maces & Flails
 * Level 4.2 Armour
 - Level 0.8 Dodging
 * Level 3.7 Shields
 - Level 2.4 Invocations
 + Level 0.2 Evocations


You had 6 spell levels left.
You didn't know any spells.

Dungeon Overview and Level Annotations

Branches:
Dungeon (4/15)
 Temple: D:4-7

Altars:

Annotations:
D:4 Unreal's ghost, amateur MfSk


Innate Abilities, Weirdness & Mutations

You have hoof-like feet.
When hurt, damage is shared between your health and your magic reserves.
Armour fits poorly on your strangely shaped body.
Your magical capacity is low. (-10% MP)
You are somewhat resistant to further mutation.


Message History

You barely miss Unreal's ghost. You kick Unreal's ghost.
Unreal's ghost is heavily damaged.
Unreal's ghost hits you but does no damage.
Your shield and chain mail prevent you from hitting Unreal's ghost.
Unreal's ghost is heavily damaged.
Unreal's ghost hits you.
* * * LOW HITPOINT WARNING * * *
You closely miss Unreal's ghost.
Unreal's ghost is heavily damaged.
Unreal's ghost hits you but does no damage. x2
You miss Unreal's ghost. Your kick misses Unreal's ghost.
Unreal's ghost is heavily damaged.
Unreal's ghost hits you!
* * * LOW HITPOINT WARNING * * *
x2 You closely miss Unreal's ghost.
Your kick misses Unreal's ghost.
Unreal's ghost is heavily damaged.
Unreal's ghost hits you.
* * * LOW HITPOINT WARNING * * *
x2 Unreal's ghost hits you.
You die...

#........# #.......... #>.......#
#.......... #........# ..........
#........####....%....
#..........##......#..
#........#.........### ######
#........##........#..
[...<#######........###..........
=.........>.....@W...............
.....###########.#######...(...##
.....# #.# #........## .%.... ..#
#.........# ###### ####
#........#.. #.#.....###[
........####. .?...........
............


You could see Unreal's ghost.

Vanquished Creatures
  The ghost of DildoBatman the Sneak, an amateur FoEn (D:3)
  An ice beast (D:3)
  An ogre (D:4)
  An orc wizard (D:4)
  Ijyb (D:4)
  An iguana (D:4)
  Natasha (thrice) (D:2)
  A worker ant (D:4)
  Robin (D:3)
  5 adders
  2 dart slugs
  3 leopard geckos
  7 orcs
  A ball python (D:1)
  A giant cockroach (D:2)
  15 goblins
  6 hobgoblins
  5 jackals
  A quokka (D:2)
  9 bats
  3 frilled lizards
  2 kobolds
  3 rats (D:1)
74 creatures vanquished.

Notes
Turn   | Place    | Note
-------+----------+-------------------------------------------
     0 | Abyss:1  | rowlf015 the Demonspawn Abyssal Knight began the quest for the Orb.
     0 | Abyss:1  | Reached XP level 1. HP: 18/18 MP: 2/2
    16 | D:1      | Escaped the Abyss
   215 | D:1      | Gained mutation: You have large cloven feet. [demonic ancestry]
   215 | D:1      | Reached XP level 2. HP: 21/24 MP: 3/3
   536 | D:1      | Reached * piety under Lugonu
   723 | D:2      | Gained mutation: You have hoof-like feet. [demonic ancestry]
   723 | D:2      | Reached XP level 3. HP: 24/29 MP: 4/4
  1371 | D:2      | Noticed Natasha
  1392 | D:2      | Killed Natasha
  1392 | D:2      | Reached skill level 1 in Shields
  1392 | D:2      | Reached XP level 4. HP: 37/37 MP: 5/5
  1586 | D:2      | Noticed Natasha
  1595 | D:2      | Killed Natasha
  1666 | D:2      | Noticed Natasha
  1685 | D:2      | Killed Natasha
  1685 | D:2      | Reached XP level 5. HP: 24/42 MP: 6/6
  1862 | D:3      | Noticed DildoBatman's ghost (amateur FoEn)
  1889 | D:3      | Killed DildoBatman's ghost
  1889 | D:3      | Gained mutation: When hurt, damage is shared between your health and your magic reserves. [demonic ancestry]
  1889 | D:3      | Reached XP level 6. HP: 17/48 MP: 7/7
  1995 | D:3      | Reached ** piety under Lugonu
  2153 | D:3      | Noticed Robin
  2164 | D:3      | Killed Robin
  2197 | D:3      | Noticed an ice beast
  2203 | D:3      | Killed an ice beast
  2629 | D:4      | Reached XP level 7. HP: 46/54 MP: 6/8
  2728 | D:4      | Noticed Unreal's ghost (amateur MfSk)
  2738 | D:4      | Noticed Ijyb
  2787 | D:4      | Gained mutation: Your magical capacity is low. (-10% MP) [potion of mutation]
  2787 | D:4      | Gained mutation: Armour fits poorly on your strangely shaped body. [potion of mutation]
  2787 | D:4      | Gained mutation: You are somewhat resistant to further mutation. [potion of mutation]
  2798 | D:4      | Paralysed by Ijyb for 2 turns
  2810 | D:4      | Killed Ijyb
  2838 | D:4      | HP: 2/54 [Unreal's ghost (3)]
  2838 | D:4      | Slain by Unreal's ghost

Skill      XL: |  1  2  3  4  5  6 |
---------------+-------------------+-----
Armour         | 2 3 4 |  4.2
Maces & Flails | 2 3 |  3.9
Shields        | 1 2 3 |  3.7
Fighting       | 4 |  4.1
Dodging        | |  0.8
Invocations    | |  2.4
Evocations     | |  0.2

Action                   |  1- 3 |  4- 6 |  7- 9 || total
-------------------------+-------+-------+-------++-------
Melee: Mace              |   144 |   103 |   101 ||   348
       Kick              |    23 |    23 |     8 ||    54
Invok: Depart the Abyss  |     1 |       |       ||     1
       Bend Space        |       |       |     2 ||     2
Evoke: Wand              |       |     3 |       ||     3
  Use: Scroll            |     1 |       |       ||     1
       Potion            |     3 |     2 |     4 ||     9
  Eat: Ration            |     1 |       |       ||     1
       Chunk             |       |     2 |       ||     2
Armor: Leather armour    |    19 |       |       ||    19
       Scale mail        |    79 |    28 |       ||   107
       Skin              |       |     9 |       ||     9
       Chain mail        |       |    19 |    48 ||    67
Dodge: Dodged            |    54 |    11 |     7 ||    72
Block: Large shield      |    78 |    78 |    52 ||   208
